 Dungeon Crawl Stone Soup version 0.30-a0-422-g946f4849ff (webtiles) character file.

Game seed: 6118954449389772765

872 lunkers the Carver (level 8, -3/63 HPs)
             Began as a Meteoran Gladiator on Dec 8, 2022.
             Was a Priest of Okawaru.
             Slain by a gnoll
             ... wielding a +0 spear
             ... led by a gnoll bouda
              (6 damage)
             ... on level 7 of the Dungeon.
             The game lasted 00:10:04 (2011 turns).

lunkers the Carver (Meteoran Gladiator)             Turns: 2011, Time: 00:10:05

Health: -3/63      AC: 12    Str: 17    XL:     8   Next: 48%
Magic:  12/12      EV: 11    Int: 11    God:    Okawaru [***...]
Gold:   163        SH:  0    Dex: 15    Spells: 7/7 levels left

rFire   . . .      SeeInvis .    f - +6 flail (vorpal)
rCold   . . .      Faith    .    (no shield)
rNeg    . . .      Spirit   .    y - +3 scale mail
rPois   .          Reflect  .    c - +0 helmet
rElec   .          Harm     .    (no cloak)
rCorr   .          Rampage  .    E - +0 pair of gloves
Will    +....                    r - +0 pair of boots
Stlth   ..........               (no amulet)
HPRegen 0.30/turn                (no ring)
MPRegen 0.13/turn                (no ring)

@: weakened, glowing
A: sense surroundings 1, otherworldly, glowing, explore regen
a: Renounce Religion, Heroism


You were on level 7 of the Dungeon.
You worshipped Okawaru.
Okawaru was most pleased with you.
You visited 1 branch of the dungeon, and saw 7 of its levels.

You collected 163 gold pieces.

Inventory:

Hand Weapons
 a - a +0 long sword
 f - a +6 vorpal flail (weapon)
Missiles
 d - 3 throwing nets
 e - a javelin
Armour
 b - a +0 leather armour
 c - a +0 helmet (worn)
 r - a +0 pair of boots (worn)
 y - a +3 scale mail (worn)
 A - a +0 helmet
 E - a +0 pair of gloves (worn)
Jewellery
 x - a ring of ice
 F - an amulet of faith
Wands
 C - a wand of paralysis (20)
Scrolls
 g - 2 scrolls of blinking {unknown}
 h - 3 scrolls of magic mapping {unknown}
 k - 2 scrolls of noise {unknown}
 o - 4 scrolls of identify {unknown}
 q - a scroll of butterflies {unknown}
 s - 2 scrolls of immolation {unknown}
 t - 3 scrolls of enchant weapon {unknown}
 u - a scroll of amnesia {unknown}
 B - 3 scrolls of torment {unknown}
 D - a scroll of teleportation {unknown}
Potions
 i - a potion of brilliance {unknown}
 j - 2 potions of degeneration {unknown}
 l - a potion of cancellation {unknown}
 m - 2 potions of heal wounds {unknown}
 n - a potion of mutation {unknown}
 p - 2 potions of haste {unknown}
 v - 2 potions of attraction {unknown}
 w - a potion of curing {unknown}
 z - a potion of invisibility {unknown}


   Skills:
 - Level 3.1 Fighting
 - Level 10.0 Long Blades
 + Level 1.8 Maces & Flails
 - Level 2.4 Throwing
 - Level 3.6 Dodging
 - Level 4.0 Invocations


You had 7 spell levels left.
You didn't know any spells.
Your spell library contained the following spells:

 Spells                   Type           Power      Damage    Failure   Level
 Freeze                   Ice            0%         1d3       78%         1
 Frozen Ramparts          Ice            0%         1d1       98%         3
 Gell's Gravitas          Tloc           0%         N/A       98%         3
 Hailstorm                Conj/Ice       0%         3d3       98%         3
 Teleport Other           Tloc           0%         N/A       98%         3
 Dispersal                Tloc           0%         N/A       100%        6


Dungeon Overview and Level Annotations

Branches:
Dungeon (7/15) Zot: 2162
 Temple: D:4-7

Altars:
Dithmenos
Okawaru
Uskayaw
Yredelemnul

Annotations:
D:5 3 runed translucent doors, baller8008's ghost, novice DECj


Innate Abilities, Weirdness & Mutations

You passively map a small area around you.
You are easily found by Zot.
You glow in the dark.
You regain HP and MP as you explore.


Message History

The gnoll misses you.
You hit the gnoll bouda but do no damage.
The gnoll bouda is almost dead.
The gnoll bouda barks out a call to the hunt!
The gnoll picks up the pace!
The gnoll hits you but does no damage.
The gnoll bouda prays to its god.
The gnoll bouda is healed somewhat.
The gnoll hits you with a +0 flail.
* * * LOW HITPOINT WARNING * * *
You sock the gnoll!
The gnoll is severely wounded.
The gnoll hits you from afar with a +0 spear.
* * * LOW HITPOINT WARNING * * *
The gnoll bouda closely misses you.
The gnoll hits you but does no damage. x2
You hit the gnoll.
You kill the gnoll!
Okawaru accepts your kill.
The gnoll is no longer moving quickly.
The gnoll bouda barks out a call to the hunt!
The gnoll picks up the pace!
The gnoll hits you from afar with a +0 spear.
* * * LOW HITPOINT WARNING * * *
The gnoll bouda gazes fiercely through you!
You feel as though you will be weak longer.
The gnoll bouda closely misses you.
Your Maces & Flails skill increases to level 1!
You sock the gnoll bouda!
You kill the gnoll bouda!
Okawaru accepts your kill.
The gnoll throws a stone.
The stone hits you.
* * * LOW HITPOINT WARNING * * *
The gnoll closely misses you. The gnoll barely misses you.
Things that are here:
a +0 whip; a +0 robe; a +4 ring of protection You sock the gnoll!
The gnoll is severely wounded.
The gnoll hits you with a +0 spear.
* * * LOW HITPOINT WARNING * * *
The gnoll hits you from afar with a +0 spear.
You die...

**#..... .# ,
.....###. ,
........* , ,
...... * , ** ,
....##### ,
.......+ , ,
*#g...# , , *,*
#g#..# * *+ * ,
#@#..#
#.#..######### *
* ,
#.g..).......# ,
*###....#####, *
,.......#..#
#########.###
#.#.# * #...#
#.#.#
########.##.#.#.#
,
#...........#....


You could see 3 gnolls.

Vanquished Creatures
  Grinder (D:5)
  2 black bears
  A bullfrog (D:6)
  A scorpion (D:7)
  3 hounds
  A bullfrog zombie (D:5)
  A gnoll bouda (D:7)
  2 iguanas
  Terence (D:2)
  A howler monkey zombie (D:5)
  A gnoll (D:7)
  5 adders
  A dart slug (D:1)
  8 orcs
  6 ball pythons
  8 endoplasms
  4 giant cockroaches
  4 goblins
  2 hobgoblins
  3 kobolds
  A quokka (D:4)
  4 bats
  A frilled lizard (D:2)
  4 rats
66 creatures vanquished.

Notes
Turn   | Place    | Note
-------+----------+-------------------------------------------
     0 | D:1      | lunkers the Meteoran Gladiator began the quest for the Orb.
     0 | D:1      | Reached XP level 1. HP: 17/17 MP: 2/2
    42 | D:1      | Reached skill level 4 in Long Blades
    61 | D:1      | Reached XP level 2. HP: 24/24 MP: 3/3
   391 | D:1      | Reached XP level 3. HP: 29/29 MP: 4/4
   491 | D:1      | Glimpsed the power of Zot.
   524 | D:2      | Reached skill level 5 in Long Blades
   560 | D:2      | Reached XP level 4. HP: 32/36 MP: 5/5
   653 | D:2      | Noticed a black bear
   665 | D:2      | Killed a black bear
   666 | D:2      | Reached skill level 6 in Long Blades
   666 | D:2      | Reached XP level 5. HP: 9/41 MP: 6/6
   706 | D:2      | Found a faded altar of an unknown god.
   715 | D:2      | Reached skill level 7 in Long Blades
   716 | D:2      | Prayed at the altar of an unknown god.
   716 | D:2      | Became a worshipper of Warmaster Okawaru
   716 | D:2      | Reached * piety under Okawaru
   746 | D:2      | Noticed Terence
   757 | D:2      | Killed Terence
   758 | D:2      | Reached skill level 1 in Invocations
   758 | D:2      | Reached XP level 6. HP: 48/48 MP: 7/7
   956 | D:3      | Found a shadowy altar of Dithmenos.
  1324 | D:5      | Entered Level 5 of the Dungeon
  1375 | D:5      | Found a runed translucent gate.
  1375 | D:5      | Found a runed translucent gate.
  1375 | D:5      | Found a runed translucent gate.
  1375 | D:5      | Noticed baller8008's ghost (novice DECj)
  1378 | D:5      | Found a basalt altar of Yredelemnul.
  1397 | D:5      | Reached ** piety under Okawaru
  1398 | D:5      | Reached XP level 7. HP: 51/55 MP: 10/10
  1480 | D:5      | Found a hide-covered altar of Uskayaw.
  1517 | D:5      | Noticed Grinder
  1545 | D:5      | Killed Grinder
  1546 | D:5      | Reached skill level 8 in Long Blades
  1546 | D:5      | Reached skill level 9 in Long Blades
  1641 | D:6      | Reached XP level 8. HP: 50/61 MP: 12/12
  1729 | D:6      | Reached *** piety under Okawaru
  1812 | D:6      | Reached skill level 10 in Long Blades
  2009 | D:7      | Reached skill level 1 in Maces & Flails
  2011 | D:7      | HP: 3/63 [gnoll/+0 spear[a gnoll bouda] (5)]
  2011 | D:7      | Slain by a gnoll

Illustrated notes

Levels and vault maps discovered:
D:1:      scummos_arrival_hexagon, layout_loops_corners
D:2:      layout_basic, hellmonk_ecumenical_altar_zigzags,
          hangedman_decor_slide_cut, uniq_terence
D:3:      layout_rooms, grunt_dithmenos_smoke_and_mirrors, chequers_garden
D:4:      layout_cave_pools
D:5:      layout_cave_pods, nicolae_yredelemnul_ghost_church,
          mainiacjoe_overflow_six_doors_small, amethyst_overflow_temple_binary,
          uniq_grinder
D:6:      layout_basic, temple_green, minmay_misc_feat_tiny, grunt_ministairs_10
D:7:      layout_basic, nicolae_overflow_crystal_walls, minmay_manual_mess

Skill      XL: |  1  2  3  4  5  6  7  8 |
---------------+-------------------------+-----
Long Blades    | 4 5 6 7 9 10 | 10.0
Invocations    | 1 3 4 |  4.0
Fighting       | 3 |  3.1
Maces & Flails | 1 |  1.8
Throwing       | |  2.4
Dodging        | |  3.6

Action                   |  1- 3 |  4- 6 |  7- 9 || total
-------------------------+-------+-------+-------++-------
Melee: Long sword        |    54 |   107 |    61 ||   222
       Punch             |     1 |       |       ||     1
       Flail             |       |       |    20 ||    20
  Use: Potion            |       |     1 |       ||     1
Armor: Leather armour    |    17 |    25 |       ||    42
       Scale mail        |       |    32 |    57 ||    89
Dodge: Dodged            |    25 |    58 |    42 ||   125

Table legend: (Time is in decaauts)
 A = Elapsed time spent in this place.
 B = Non-inter-level travel time spent in this place.
 C = Inter-level travel time spent in this place.
 D = Time resting spent in this place.
 E = Time spent auto-exploring this place.
 F = Levels seen in this place.
 G = Mean time per level.
                   A        B        C        D        E       F      G
               +--------+--------+--------+--------+--------+-----+--------+
         Total |   2036 |   1936 |    100 |      0 |   1323 |   7 |  290.9 |
       Dungeon |   2036 |   1936 |    100 |      0 |   1323 |   7 |  290.9 |
               +--------+--------+--------+--------+--------+-----+--------+

Top non-repeatable levels by time:
     D:1: 523 daAuts
     D:6: 359 daAuts
     D:3: 322 daAuts
     D:2: 309 daAuts
     D:5: 243 daAuts
     D:4: 189 daAuts
     D:7: 88 daAuts
